 Dungeon Crawl Stone Soup version 0.26.0-16-gc1dbca0489 (webtiles) character file.

Game seed: 9696796088215662479

156 112233 the Twirler (level 5, 0/36 HPs)
             Began as an Octopode Gladiator on Jan 18, 2021.
             Succumbed to a worker ant's poison
             ... on level 6 of the Dungeon.
             The game lasted 00:03:28 (4412 turns).

112233 the Twirler (Octopode Gladiator)             Turns: 4412, Time: 00:03:29

Health: 0/36       AC:  1    Str: 15    XL:     5   Next: 37%
Magic:  5/5        EV: 15    Int: 10    God:
Gold:   122        SH:  0    Dex: 13    Spells: 4/4 levels left

rFire    . . .     SeeInvis .   a - +0 quarterstaff
rCold    . . .     Faith    .   (shield currently unavailable)
rNeg     . . .     Spirit   .   b - +0 hat
rPois    .         Reflect  .   h - amulet of regeneration
rElec    .         Harm     .   (no ring)
rCorr    .         Rampage  .   (no ring)
Will     .....                  (no ring)
Stlth    ++........             (no ring)
HPRegen  0.12/turn              (no ring)
MPRegen  0.09/turn              (no ring)
                                (no ring)
                                (no ring)

@: mighty, brilliant, lethally poisoned (0 -> -5), hasted, very quick
A: almost no armour, stealthy swim, amphibious, 8 rings, constrict 8, beak,
camouflage 1, blurry vision 1, gelatinous body 1
a: no special abilities


You were on level 6 of the Dungeon.
You visited 1 branch of the dungeon, and saw 5 of its levels.

You collected 122 gold pieces.

Inventory:

Hand Weapons
 a - a +0 quarterstaff (weapon)
Missiles
 c - 3 throwing nets (quivered) {!f}
 q - 7 poisoned darts
Armour
 b - a +0 hat (worn)
Jewellery
 h - an amulet of regeneration (around mantle)
Scrolls
 d - 3 scrolls of identify {unknown}
 e - a scroll of enchant armour {unknown}
 g - a scroll of fog
 j - a scroll of remove curse {@r2}
 k - 4 scrolls of teleportation {@r3}
 n - 2 scrolls of magic mapping {unknown}
Potions
 o - a potion of magic


   Skills:
 + Level 3.4 Fighting
 + Level 4.2 Staves
 - Level 2.0 Throwing
 + Level 4.1 Dodging


You had 4 spell levels left.
You didn't know any spells.
Your spell library was empty.

Dungeon Overview and Level Annotations

Branches:
Dungeon (4/15)
 Temple: D:4-7

Altars:
Ashenzari
Sif Muna


Innate Abilities, Weirdness & Mutations

You cannot wear most types of armour.
You are very stealthy in the water. (Stealth+)
You are amphibious.
You can wear up to eight rings at the same time.
You can use your tentacles to constrict eight enemies at once.
Your skin changes colour to match your surroundings (Stealth+).
Your rubbery body absorbs attacks. (AC +1, EV +1)
You have a beak for a mouth.
Scrolls take you a little longer to read.


Message History

You continue putting on your glowing sapphire amulet.
Keep equipping yourself?
* * * LOW HITPOINT WARNING * * *
You feel sick.
You continue putting on your glowing sapphire amulet. x3
* * * LOW HITPOINT WARNING * * *
You feel sick.
You continue putting on your glowing sapphire amulet.
You finish putting on your uncursed amulet of regeneration.
The amulet cannot attune itself to your injured body.
h - an amulet of regeneration (around mantle) Unknown command.
There is a lethal amount of poison in your body!
Unknown command.
Okay, then.
* * * LOW HITPOINT WARNING * * *
You feel sick.
Unknown command.
Unknown command.
You die...

#########
#.......##.
#..........
###..†.....#
+....@...(.#
###.......##
#........#
#...........
#...$.....##
#...........
#.#####+####
#.


There were no monsters in sight!

Vanquished Creatures
  2 orc priests
  3 adders
  A worm (D:2)
  A dart slug (D:1)
  A leopard gecko (D:3)
  13 orcs
  A ball python (D:4)
  4 bats
  3 giant cockroaches
  4 goblins
  3 hobgoblins
  A quokka (D:2)
  4 frilled lizards
  7 kobolds
  2 rats
50 creatures vanquished.

Notes
Turn   | Place    | Note
-------+----------+-------------------------------------------
     0 | D:1      | 112233 the Octopode Gladiator began the quest for the Orb.
     0 | D:1      | Reached XP level 1. HP: 14/14 MP: 1/1
   596 | D:1      | Found a broken altar of Ashenzari.
   822 | D:1      | Reached XP level 2. HP: 19/19 MP: 2/2
  1127 | D:2      | Reached XP level 3. HP: 24/25 MP: 3/3
  1868 | D:3      | Noticed a phantom
  2098 | D:2      | Reached XP level 4. HP: 26/30 MP: 4/4
  2203 | D:2      | Found a shimmering blue altar of Sif Muna.
  3960 | D:3      | Reached XP level 5. HP: 26/36 MP: 5/5
  4390 | D:4      | You fall into a shaft and drop 2 floors!
  4391 | D:6      | Noticed an ogre
  4401 | D:6      | Gained mutation: Scrolls take you a little longer to read.
                  | [potion of mutation]
  4401 | D:6      | Gained mutation: You have a beak for a mouth. [potion of
                  | mutation]
  4409 | D:6      | HP: 1/36 [poisoned by a worker ant]
  4412 | D:6      | Succumbed to a worker ant's poison

Illustrated notes

Levels and vault maps discovered:
D:1:      amcnicky_arrival_underground_garden, layout_basic,
          nicolae_ashenzari_panopticon
D:2:      kennysheep_big_flooded_room, layout_loops_ring, led_sif_pool
D:3:      layout_basic
D:4:      layout_loops_ring, minmay_temple_entry_proselytizer, chequers_jeans,
          uniq_eustachio, uniq_natasha, uniq_robin
D:6:      layout_basic, okawaru_gym_becter, cheibrodos_sewer_entry_bend,
          serial_shops, nicolae_shop_trees,
          nicolae_shop_temple_entry_statues_fountains, shop_fountains,
          minivault_14

Skill      XL: |  1  2  3  4 |
---------------+-------------+-----
Fighting       | 3 |  3.4
Staves         | 4 |  4.2
Dodging        | 4 |  4.1
Throwing       | |  2.0

Action                   |  1- 3 |  4- 6 || total
-------------------------+-------+-------++-------
Melee: Quarterstaff      |    67 |    61 ||   128
       Constrict         |    16 |    16 ||    32
       Tentacles         |     8 |    10 ||    18
  Use: Potion            |       |     5 ||     5
       Scroll            |       |     4 ||     4
 Stab: Sleeping          |     3 |     2 ||     5
Armor: Skin              |     1 |     5 ||     6
Dodge: Dodged            |    39 |    40 ||    79
